 Dungeon Crawl Stone Soup version 0.20-a0-396-gbf3f530 (webtiles) character file.

1328 RumaTero the Tainter (level 8, -1/51 HPs)
             Began as an Octopode Venom Mage on Dec 31, 2016.
             Was a Believer of Vehumet.
             Slain by a sky beast (5 damage)
             ... on level 4 of the Dungeon.
             The game lasted 00:29:46 (7658 turns).

RumaTero the Tainter (Octopode Venom Mage)          Turns: 7658, Time: 00:29:46

Health: -1/51      AC:  1    Str:  7      XL:     8   Next: 60%
Magic:  15/15      EV: 13    Int: 20      God:    Vehumet [**....]
Gold:   202        SH:  0    Dex:  7 (12) Spells: 0/16 levels left

rFire  . . .     SeeInvis .     (no weapon)
rCold  . . .     Gourm    .     (no shield)
rNeg   . . .     Faith    .     (helmet restricted)
rPois  .         Spirit   .     (no amulet)
rElec  .         Reflect  .     w - ring of protection from magic
rCorr  .         Harm     .     (no ring)
MR     +....                    (no ring)
Stlth  ++++......               (no ring)
                                (no ring)
                                (no ring)
                                (no ring)
                                (no ring)

@: no status effects
A: almost no armour, stealthy swim, amphibious, 8 rings, constrict 8, camouflage
1, gelatinous body 1
a: Renounce Religion


You were on level 4 of the Dungeon.
You worshipped Vehumet.
Vehumet was pleased with you.
You were hungry.

You visited 2 branches of the dungeon, and saw 8 of its levels.
You also visited: Sewer.

You collected 202 gold pieces.

Inventory:

Missiles
 g - a throwing net (quivered)
Jewellery
 w - a ring of protection from magic (left tentacle)
Wands
 r - a wand of flame (13/48)
Scrolls
 f - a scroll of remove curse
 i - a scroll of fog
 m - a scroll of identify
 p - 2 scrolls of teleportation
 u - 3 scrolls of enchant weapon
Potions
 c - a potion of cure mutation
 d - 3 potions of might
 e - 3 potions of haste
 h - a potion of flight
 j - a potion of heal wounds
 k - a potion of invisibility {unknown}
 n - 3 potions of magic
 o - 2 potions of lignification
 x - 3 potions of curing
Books
 a - a Young Poisoner's Handbook

   Spells                             Type                      Level
   a - Sting                          Conjuration/Poison           1
   b - Mephitic Cloud                 Conjuration/Poison/Air       3
   c - Olgreb's Toxic Radiance        Poison                       4
   d - Alistair's Intoxication        Transmutation/Poison         5
   e - Venom Bolt                     Conjuration/Poison           5
Comestibles
 b - 2 bread rations
 q - a royal jelly


   Skills:
 + Level 2.9 Fighting
 - Level 2.0 Dodging
 + Level 7.2 Stealth
 + Level 4.8 Spellcasting
 * Level 9.5 Poison Magic


You couldn't memorise any spells.
You knew the following spells:

 Your Spells              Type           Power        Failure   Level  Hunger
a - Magic Dart            Conj           #...         14%         1    None
b - Olgreb's Toxic Radia  Pois           #####...     2%          4    ####...
c - Venom Bolt            Conj/Pois      ###.......   58%         5    ######.
d - Alistair's Intoxicat  Tmut/Pois      ###.....     58%         5    ######.
e - Sting                 Conj/Pois      ###.         1%          1    None


Dungeon Overview and Level Annotations

Branches:
Dungeon (7/15)             Temple (1/1) D:4

Altars:
Ashenzari
Cheibriados
Dithmenos
Elyvilon
Fedhas
Gozag
Hepliaklqana
Kikubaaqudgha
Okawaru
Qazlal
Ru
Sif Muna
Trog
Vehumet
Xom
Yredelemnul
Zin
The Shining One

Annotations:
D:5 ordcoder's ghost, novice OgEE


Innate Abilities, Weirdness & Mutations

You cannot wear most types of armour.
You are very stealthy in the water. (Stealth+)
You are amphibious.
You can wear up to eight rings at the same time.
You can use your tentacles to constrict eight enemies at once.
Your skin changes colour to match your surroundings (Stealth+).
Your rubbery body absorbs attacks. (AC +1, EV +1)


Message History

You resist with some effort. The shadow imp spits at you.
There is a stone staircase leading up here.
The sky beast flickers out of sight!
Deactivating autopickup; reactivate with Ctrl-A.
Something hits you. Something shocks you. The shadow imp hits you.
You climb upwards.
There is a stone staircase leading down here.
Things that are here:
a -2 spear; a vampiric dagger Something hits you.
* * * LOW HITPOINT WARNING * * *
Something shocks you.
* * * LOW HITPOINT WARNING * * *
The shadow imp gestures at you. You resist with some effort.
Something hits you.
* * * LOW HITPOINT WARNING * * *
Something shocks you.
You die...

##......# ##.....##
#.......# ##.....## #
##.>.....# ##..#..## ##
##........###..##..####.
##.........##..####..##..
#.......5..#.### ##.##..
#### #...........##
##.... #..###
##.........## #....
##...########..@.## ##..#
#.<...### ###..## ##.#
#...##..###..### ##.
#...####....## #. #....#
###.## #### #....# #..#
##### #... #....# ##.#
##...# ##... #....#
#.###....## #.... #....#
##.#......# #....


You could see a shadow imp.

Vanquished Creatures
  Sigmund (D:3)
  2 ogres (D:5)
  A centaur (D:5)
  A wight (D:6)
  2 howler monkeys
  2 crimson imps
  A quasit (D:7)
  2 hounds
  3 orc priests
  A centaur skeleton (D:4)
  3 orc wizards
  Ijyb (D:3)
  5 worker ants
  Robin (D:3)
  3 gnolls (D:6)
  2 adders (D:4)
  6 river rats (Sewer)
  2 worms
  2 dart slugs (D:1)
  4 leopard geckos
  21 orcs
  4 ball pythons
  6 bats
  9 giant cockroaches
  14 goblins
  7 hobgoblins
  10 jackals
  14 kobolds
  A quokka (D:4)
  13 frilled lizards
  A leopard gecko skeleton (D:4)
  18 rats
163 creatures vanquished.

Notes
Turn   | Place    | Note
-------+----------+-------------------------------------------
     0 | D:1      | RumaTero the Octopode Venom Mage began the quest for the Orb.
     0 | D:1      | Reached XP level 1. HP: 11/11 MP: 3/3
   101 | D:1      | Reached skill level 5 in Poison Magic
   164 | D:1      | Reached XP level 2. HP: 10/17 MP: 1/5
   977 | D:1      | Reached XP level 3. HP: 21/21 MP: 3/6
  1610 | D:2      | Found an iron altar of Okawaru.
  1612 | D:2      | Found a deep blue altar of Sif Muna.
  2119 | D:3      | Noticed Robin
  2174 | D:3      | Reached XP level 4. HP: 27/27 MP: 5/7
  2192 | D:3      | Reached skill level 6 in Poison Magic
  2279 | D:2      | HP: 1/27 [something (3)]
  2678 | D:2      | Reached XP level 5. HP: 30/31 MP: 3/9
  2686 | D:2      | Learned a level 4 spell: Olgreb's Toxic Radiance
  2802 | D:3      | Noticed Sigmund
  3158 | D:3      | Killed Sigmund
  3158 | D:3      | Reached skill level 7 in Poison Magic
  3158 | D:3      | Reached XP level 6. HP: 36/36 MP: 2/11
  3316 | D:3      | Noticed Ijyb
  3338 | D:3      | Killed Ijyb
  3338 | D:3      | Reached skill level 5 in Stealth
  3497 | D:3      | Killed Robin
  3728 | D:3      | Noticed a phantom
  3818 | D:4      | Found an iron altar of Okawaru.
  4525 | D:4      | Found a staircase to the Ecumenical Temple.
  4531 | Temple   | Entered the Ecumenical Temple
  4636 | Temple   | Became a worshipper of Vehumet
  4773 | D:5      | Entered Level 5 of the Dungeon
  4859 | D:5      | Reached skill level 1 in Fighting
  4859 | D:5      | Reached XP level 7. HP: 34/43 MP: 5/12
  4881 | D:5      | Noticed ordcoder's ghost (novice OgEE)
  5372 | D:5      | Found a glowing drain.
  5382 | Sewer    | Entered a sewer
  5562 | Sewer    | Learned a level 5 spell: Venom Bolt
  5576 | Sewer    | Reached * piety under Vehumet
  5576 | Sewer    | Offered knowledge of Freeze by Vehumet.
  5606 | Sewer    | Reached skill level 8 in Poison Magic
  6780 | D:5      | Reached XP level 8. HP: 48/50 MP: 14/14
  6792 | D:5      | Learned a level 5 spell: Alistair's Intoxication
  6852 | D:6      | Reached skill level 9 in Poison Magic
  7104 | D:5      | Found a bloodstained altar of Trog.
  7382 | D:7      | Reached ** piety under Vehumet
  7382 | D:7      | Offered knowledge of Magic Dart by Vehumet.
  7398 | D:7      | Learned a level 1 spell: Magic Dart
  7658 | D:4      | Slain by a sky beast

Vault maps used:
D:1:      saegor_arrival_under_anarchy
D:2:      grunt_temple_overflow_open, first_bread
D:3:      uniq_iyjb, uniq_sigmund, uniq_robin
D:4:      okawaru_gym_becter
D:5:      portal_sewer_entry_a, basic_altar, grunt_dithmenos_shadows
D:6:      grunt_ministairs_12
Temple:   hc_temple_tempest_star
Sewer:    sewer_co_cracked_pipes

Skill      XL: |  1  2  3  4  5  6  7  8 |
---------------+-------------------------+-----
Poison Magic   | 5 6 7 8 9 |  9.5
Stealth        | 3 4 5 6 7 |  7.2
Spellcasting   | 3 4 |  4.8
Fighting       | 1 2 |  2.9
Dodging        | |  2.0

Action                   |  1- 3 |  4- 6 |  7- 9 || total
-------------------------+-------+-------+-------++-------
Melee: Unarmed           |    31 |    44 |   102 ||   177
       Constrict         |    10 |    13 |    26 ||    49
       Tentacles         |     4 |    12 |    14 ||    30
       Spear             |       |       |    16 ||    16
 Cast: Sting             |    72 |    63 |    19 ||   154
       Olgreb's Toxic Ra |       |    19 |    35 ||    54
Evoke: Wand              |       |     6 |       ||     6
  Use: Potion            |       |     1 |     5 ||     6
       Scroll            |       |     3 |    14 ||    17
 Stab: Sleeping          |       |       |     4 ||     4
  Eat: Chunk             |     4 |     8 |     5 ||    17
       Bread ration      |       |     1 |     2 ||     3
Armor: Skin              |     2 |     4 |     6 ||    12
Dodge: Dodged            |    27 |    38 |    98 ||   163
